Selects Australian Defense Battlegroup
Selects Australian Light Infantry Section
Australian Light Infantry Section
Construct Section Command Post
Australian Light Infantry Section
Construct Platoon Command Post
Unlock Bishop Self-propelled Artillery
Selects CMP 15cwt Supply Run
Construct Field Infirmary
Bishop Self-propelled Artillery
6-pounder Anti-tank Gun Team
Selects Defensive Tactics
Construct Company Command Post
Selects Reinforced Resource Caches
Bishop Self-propelled Artillery
Selects Charged Creeping Barrage